 Dungeon Crawl Stone Soup version 0.31-a0-920-g28cbb04a8c (webtiles) character file.

Game seed: 3385039339467552117

156 Dirtsage the Ruffian (level 5, -2/34 HPs)
             Began as an Octopode Shapeshifter on Oct 17, 2023.
             Slain by a wyvern (9 damage)
             ... on level 4 of the Dungeon.
             The game lasted 00:08:08 (2950 turns).

Dirtsage the Ruffian (Octopode Shapeshifter)        Turns: 2950, Time: 00:08:09

Health: -2/34      AC:  1    Str: 15    XL:     5   Next: 38%
Magic:  5/5        EV: 13    Int: 12    God:
Gold:   143        SH:  0    Dex: 12    Spells: 2/4 levels left

rFire   . .          .
                       - Unarmed
rCold   . . .        (no shield)
rNeg    . . .        (helmet currently unavailable)
rPois   .            (no amulet)
rElec   .            W - ring of wizardry
rCorr   .            S - ring of see invisible
SInv    +            (no ring)
Will    .....        (no ring)
Stlth   ++           (no ring)
HPRegen 0.25/turn    (no ring)
MPRegen 0.09/turn    (no ring)
                     (no ring)

%: wizardry (x1)
@: beast-form
A: beast (slay +2), almost no armour, amphibious, 8 rings, camouflage 1,
gelatinous body 1, (nimble swimmer 1), tentacles
a: Begin Untransformation


You were on level 4 of the Dungeon.
You were a hulking beast.
You visited 1 branch of the dungeon, and saw 4 of its levels.

You collected 143 gold pieces.

Inventory:

Magical Staves
 g - a staff of poison
 k - a staff of conjuration
Jewellery
 n - an amulet of guardian spirit
 S - a ring of see invisible (right tentacle)
 W - a ring of wizardry (left tentacle)
Talismans
 b - a beast talisman (active)
 c - a flux talisman
 j - a beast talisman (active)
Scrolls
 e - 2 scrolls of blinking {unknown}
 f - 5 scrolls of identify {unknown}
 l - a scroll of fear {unknown}
 m - a scroll of silence {unknown}
 o - a scroll of revelation {unknown}
 p - a scroll of fog {unknown}
Potions
 a - 3 potions of lignification
 d - a potion of haste {unknown}
 h - a potion of degeneration {unknown}
 i - a potion of heal wounds {unknown}
 q - a potion of invisibility {unknown}
 r - a potion of curing {unknown}


   Skills:
 + Level 2.3 Fighting
 - Level 2.0 Dodging
 * Level 4.3 Unarmed Combat
 + Level 0.3 Hexes
 * Level 4.1 Shapeshifting


You had 2 spell levels left.
You knew the following spells:

 Your Spells              Type           Power      Damage    Failure   Level
a - Jinxbite              Hex            0%         N/A       17%         2

Your spell library contained the following spells:

 Spells                   Type           Power      Damage    Failure   Level
 Ensorcelled Hibernation  Hex/Ice        0%         N/A       19%         2
 Gell's Gravitas          Tloc           0%         N/A       36%         3
 Teleport Other           Tloc           0%         N/A       36%         3
 Anguish                  Hex/Necr       0%         N/A       73%         4
 Dispersal                Tloc           0%         N/A       100%        6


Dungeon Overview and Level Annotations

Branches:
Dungeon (4/15)
 Temple: D:4-7

Altars:
Gozag

Annotations:
D:3 3 runed translucent doors, kae's ghost, amateur DsEn


Innate Abilities, Weirdness & Mutations

You are a hulking beast.
Your limbs bulge with bestial killing power. (Slay +2)
You cannot wear most types of armour.
You are amphibious.
You can wear up to eight rings at the same time.
Your skin changes colour to match your surroundings (Stealth+).
Your rubbery body absorbs attacks. (AC +1, EV +1)
((You are camouflaged when in or above water. (Stealth+)))
You have tentacles for arms and can constrict up to eight enemies at once.


Message History

You are poisoned.
The adder poisons you! The adder bites you.
You take 5 damage, and have 26/34 hp.
You barely miss the adder.
The adder is severely wounded.
You constrict the adder.
You kill the adder!
You feel sick.
No target in view!
No target in view!
You feel sick.
You feel sick.
You feel sick.
You feel sick.
You are no longer poisoned.
You open the door.
A wyvern, an iguana and an orc come into view.
Health restored: 34
There is an open door here.
You have nothing you can fire or use right now.
Unknown command.
You have nothing you can fire or use right now.
The wyvern hisses angrily.
Okay, then.
Okay, then.
You swing at nothing.
The iguana hisses angrily.
You tentacle-slap the wyvern but do no damage.
You squeeze the wyvern!
The wyvern is moderately wounded.
The wyvern bites you!
Ouch! That really hurt!
You take 17 damage, and have 17/34 hp.
MASSIVE DAMAGE!!
You tentacle-slap the wyvern but do no damage.
Your tentacle-slap misses the wyvern.
The wyvern is moderately wounded.
The wyvern bites you!
* * * LOW HITPOINT WARNING * * *
The wyvern bites you!
You die...

...####......##.........##
#..... ..##
###......#........## ###...
..# ##...............# ###.
.## #.####.....####.# ## .#
#.#).##...##.[#.###### ##
#.#...##.##...#......### #
#.##.l.#.#...##........# #
#..##ol#.#†.##.......... #
##...###h..###...........
##........8...............
#.....###...###...#.......
####.#..##
+#.#).##..##......
##....#.## #.#...##.###.....
##.......#
##.##...#.####....
##........# ##...##..#..#
###..
##.........####.....####..##
##.
#..........................#
##


You could see a wyvern, an iguana and an orc.

Vanquished Creatures
  3 gnolls
  3 adders
  A worm (D:4)
  3 dart slugs
  An orc (D:4)
  7 bats
  7 endoplasms
  4 giant cockroaches
  2 goblins
  12 hobgoblins
  7 jackals
  5 kobolds
  9 quokkas
  8 ball pythons
  2 frilled lizards (D:2)
  9 rats
83 creatures vanquished.

Notes
Turn   | Place    | Note
-------+----------+-------------------------------------------
     0 | D:1      | Dirtsage the Octopode Shapeshifter began the quest for the
                  | Orb.
     0 | D:1      | Reached XP level 1. HP: 13/13 MP: 1/1
   170 | D:1      | Reached XP level 2. HP: 18/18 MP: 2/2
   539 | D:1      | Reached XP level 3. HP: 23/23 MP: 3/3
  1095 | D:2      | Found a faded altar of an unknown god.
  1116 | D:2      | Reached XP level 4. HP: 17/29 MP: 4/4
  1837 | D:3      | Learned a level 2 spell: Jinxbite
  1859 | D:3      | Reached XP level 5. HP: 34/34 MP: 5/5
  2158 | D:3      | Found a runed translucent gate.
  2158 | D:3      | Found a runed translucent gate.
  2160 | D:3      | Found an opulent altar of Gozag.
  2160 | D:3      | Found a runed translucent gate.
  2162 | D:3      | Noticed a centaur
  2163 | D:3      | Noticed kae's ghost (amateur DsEn)
  2945 | D:4      | Noticed a wyvern
  2950 | D:4      | Slain by a wyvern

Illustrated notes

Levels and vault maps discovered:
D:1:      tarquinn_simple_flora_water_a, layout_loops_ring
D:2:      wad_woods_tower, layout_basic, hellmonk_ecumenical_altar_arch_garden
D:3:      layout_rooms, ebering_ghost_gozag, minmay_checkerbox
D:4:      cheibrodos_barr_body, layout_cave_pods

Skill      XL: |  1  2  3  4  5 |
---------------+----------------+-----
Fighting       | 2 |  2.3
Unarmed Combat | 4 |  4.3
Shapeshifting  | 4 |  4.1
Dodging        | |  2.0
Hexes          | |  0.3

Action                     |  1- 3 |  4- 6 || total
---------------------------+-------+-------++-------
  Melee: Unarmed           |    81 |    86 ||   167
         Constrict         |    18 |    21 ||    39
         Tentacles         |     9 |    14 ||    23
         Punch             |     2 |     4 ||     6
   Stab: Sleeping          |     6 |     5 ||    11
 Armour: Skin              |    23 |    36 ||    59
  Dodge: Dodged            |    55 |    33 ||    88

Table legend: (Time is in decaauts)
 A = Elapsed time spent in this place.
 B = Non-inter-level travel time spent in this place.
 C = Inter-level travel time spent in this place.
 D = Time resting spent in this place.
 E = Time spent auto-exploring this place.
 F = Levels seen in this place.
 G = Mean time per level.
                   A        B        C        D        E       F      G
               +--------+--------+--------+--------+--------+-----+--------+
         Total |   2937 |   2836 |    101 |     18 |   2366 |   4 |  734.2 |
       Dungeon |   2937 |   2836 |    101 |     18 |   2366 |   4 |  734.2 |
               +--------+--------+--------+--------+--------+-----+--------+

Top non-repeatable levels by time:
     D:2: 995 daAuts
     D:1: 744 daAuts
     D:4: 694 daAuts
     D:3: 502 daAuts
